 Dungeon Sprint DCSS version 0.28-a0-691-gad6df49e81 (webtiles) character file.

Game seed: 16295142857677593982

417 ytrimaz the Protected (level 7, 0/63 HPs)
             Began as a Formicid Fighter on Oct 22, 2021.
             Was a Follower of Cheibriados.
             Slain by a two-headed ogre (17 damage)
             ... in the Dungeon (Sprint IX: "|||||||||||||||||||||||||||||").
             The game lasted 00:01:23 (524 turns).

ytrimaz the Protected (Formicid Fighter)             Turns: 524, Time: 00:01:23

Health: 0/63       AC:  9    Str: 24    XL:     7   Next: 15%
Magic:  1/7        EV: 10    Int: 13    God:    Cheibriados [*.....]
Gold:   0          SH:  6    Dex: 12    Spells: 6/6 levels left

rFire   . . .      SeeInvis +   j - +2 morningstar (vorpal)
rCold   . . .      Faith    .   c - +0 buckler
rNeg    . . .      Spirit   .   l - +1 chain mail
rPois   .          Reflect  .   (helmet unavailable)
rElec   .          Harm     .   (no cloak)
rCorr   .          Rampage  .   (no gloves)
Will    .....                   k - +0 pair of boots
Stlth   ..........              (no amulet)
HPRegen 0.20/turn               m - +3 ring of intelligence
MPRegen 0.10/turn               n - +2 ring of evasion

@: corroded, very slightly contaminated, invisible, very slow
A: permanent stasis, dig shafts and tunnels, antennae 3, four strong arms
a: Dig, Renounce Religion, Bend Time


You were in the Dungeon.
You worshipped Cheibriados.
Cheibriados was aware of your devotion.
You visited 1 branch

Inventory:

Hand Weapons
 j - a +2 vorpal morningstar (weapon)
Armour
 c - a +0 buckler (worn)
 k - a +0 pair of boots (worn)
 l - a +1 chain mail (worn)
Jewellery
 m - a +3 ring of intelligence (left hand)
 n - a +2 ring of evasion (right hand)
Wands
 i - a wand of acid (10)
Scrolls
 h - 2 scrolls of amnesia
Potions
 e - 5 potions of curing
 f - 3 potions of heal wounds
 g - 4 potions of magic


   Skills:
 + Level 8.8 Fighting
 + Level 7.3 Maces & Flails
 + Level 9.4 Armour
 - Level 0.9 Dodging
 - Level 7.7 Shields


You had 6 spell levels left.
You didn't know any spells.
Your spell library was empty.

Dungeon Overview and Level Annotations

Branches:
Dungeon (1/1)

Altars:
Cheibriados
Dithmenos
Elyvilon
Fedhas
Gozag
Hepliaklqana
Kikubaaqudgha
Makhleb
Nemelex Xobeh
Okawaru
Qazlal
Ru
Sif Muna
Trog
Uskayaw
Vehumet
Wu Jian
Xom
Yredelemnul
Zin
The Shining One
Beogh
Jiyva
Lugonu


Innate Abilities, Weirdness & Mutations

You cannot be hasted, slowed, berserked, paralysed or teleported.
You can dig through walls and to a lower floor.
You have a pair of large antennae on your head. (SInv)
Your four strong arms can wield two-handed weapons with a shield.


Message History

The acid dragon closely misses you. The acid dragon claws you.
You are very lightly contaminated with residual magic.
You puncture the acid dragon!
The acid dragon is heavily wounded.
The acid dragon bites you but does no damage.
The acid dragon claws you but does no damage.
You catch the helpless acid dragon completely off-guard!
You hit the acid dragon but do no damage.
The acid dragon is heavily wounded.
The acid dragon bites you but does no damage.
The acid dragon barely misses you. The acid dragon closely misses you. x2
You catch the helpless acid dragon completely off-guard!
You hit the acid dragon but do no damage.
The acid dragon is heavily wounded.
The acid dragon spits acid at you. The splash of acid misses you.
You catch the helpless acid dragon completely off-guard!
You hit the acid dragon.
The acid dragon is heavily wounded.
You sock the acid dragon!
You kill the acid dragon!
Cheibriados appreciates the change of pace.
Cheibriados is now slowing the effects of poison on you.
Cheibriados raises the support of your attributes as your movement slows.
Your Maces & Flails skill increases to level 7!
Your Armour skill increases to level 9!
You have reached level 7!
You barely miss the two-headed ogre.
The two-headed ogre hits you with a +0 giant club!
The two-headed ogre closely misses you.
You hit the two-headed ogre but do no damage.
The two-headed ogre hits you with a +0 giant club!
* * * LOW HITPOINT WARNING * * *
The two-headed ogre barely misses you.
Unknown command.
Okay, then.
You impale the two-headed ogre!!
The two-headed ogre is moderately wounded.
The two-headed ogre hits you with a +0 giant club!
You die... ▓▓▓▓▓▓▓▓▓▓▓▓▓▓▓▓▓▓▓▓▓▓▓ _____'.?).[).[.)@OYD..+ ▓▓▓▓▓▓▓▓▓▓▓▓▓▓▓▓▓▓▓▓▓▓▓ {{{{{ {{{{{{{{ { {

You could see a two-headed ogre, a yak and an acid dragon.

Vanquished Creatures
  An acid dragon (D)
  A water moccasin (D)
  A centaur (D)
  A kobold brigand (D)
  A jelly (D)
  A gnoll (D)
  An adder (D)
  A white imp (D)
  An endoplasm (D)
  A hobgoblin (D)
  A quokka (D)
  A frilled lizard (D)
  A goblin (D)
13 creatures vanquished.

Notes
Turn   | Place    | Note
-------+----------+-------------------------------------------
     0 | D        | ytrimaz the Formicid Fighter began the quest for the Orb.
     0 | D        | Reached XP level 1. HP: 18/18 MP: 1/1
   193 | D        | Noticed a water moccasin
   193 | D        | Noticed a jelly
   196 | D        | Killed a water moccasin
   197 | D        | Reached skill level 6 in Armour
   197 | D        | Reached XP level 2. HP: 19/28 MP: 2/2
   197 | D        | Reached XP level 3. HP: 24/34 MP: 3/3
   197 | D        | Reached XP level 4. HP: 28/40 MP: 4/4
   197 | D        | Reached XP level 5. HP: 32/46 MP: 5/5
   249 | D        | Found a snail-covered altar of Cheibriados.
   249 | D        | Found a shadowy altar of Dithmenos.
   249 | D        | Found a white marble altar of Elyvilon.
   249 | D        | Found a blossoming altar of Fedhas.
   249 | D        | Found an opulent altar of Gozag.
   250 | D        | Found a hazy altar of Hepliaklqana.
   251 | D        | Found a viscous altar of Jiyva.
   252 | D        | Found an ancient bone altar of Kikubaaqudgha.
   253 | D        | Found a corrupted altar of Lugonu.
   377 | D        | Found a burning altar of Makhleb.
   378 | D        | Found a sparkling altar of Nemelex Xobeh.
   379 | D        | Found an iron altar of Okawaru.
   380 | D        | Found a stormy altar of Qazlal.
   381 | D        | Found a sacrificial altar of Ru.
   382 | D        | Found a shimmering blue altar of Sif Muna.
   383 | D        | Found a bloodstained altar of Trog.
   384 | D        | Found a hide-covered altar of Uskayaw.
   385 | D        | Found a radiant altar of Vehumet.
   386 | D        | Found an ornate altar of the Wu Jian Council.
   387 | D        | Found a shimmering altar of Xom.
   388 | D        | Found a basalt altar of Yredelemnul.
   389 | D        | Found a glowing silver altar of Zin.
   390 | D        | Found a glowing golden altar of the Shining One.
   424 | D        | Became a worshipper of Cheibriados the Contemplative
   500 | D        | Noticed a kobold brigand
   500 | D        | Noticed a centaur
   500 | D        | Noticed an acid dragon
   500 | D        | Noticed a two-headed ogre
   500 | D        | Noticed a yak
   500 | D        | Noticed an acid dragon
   510 | D        | Killed a kobold brigand
   511 | D        | Reached skill level 5 in Maces & Flails
   511 | D        | Reached skill level 7 in Armour
   511 | D        | Reached XP level 6. HP: 48/55 MP: 3/6
   515 | D        | Reached skill level 8 in Armour
   521 | D        | Killed an acid dragon
   521 | D        | Reached * piety under Cheibriados
   522 | D        | Reached skill level 9 in Armour
   522 | D        | Reached XP level 7. HP: 41/63 MP: 1/7
   524 | D        | Slain by a two-headed ogre

Illustrated notes

Levels and vault maps discovered:
D:        linesprint [early_d, line_temple, items_1, d_10, items_2, lair_1,
          lair_end, items_3, orc_1, orc_end, items_4, d_15, swamp_1, shoals_1,
          snake_1, spider_1, d_20, vaults_1, items_5, swamp_end, shoals_end,
          snake_end, spider_end, vaults_end, d_27, items_6, zot_1, zot_end,
          crypt_end, forest_end, elf_end, slime_end, tomb_end, abyss_end,
          pan_hell_end]

Skill      XL: |  1  2  3  4  5  6 |
---------------+-------------------+-----
Shields        | 6 7 |  7.7
Fighting       | 6 7 8 |  8.8
Maces & Flails | 3 5 7 |  7.3
Armour         | 6 7 9 |  9.4
Dodging        | |  0.9

Action                   |  1- 3 |  4- 6 |  7- 9 || total
-------------------------+-------+-------+-------++-------
Melee: Flail             |    13 |    10 |       ||    23
       Morningstar       |       |    16 |     3 ||    19
Invok: Bend Time         |       |     2 |       ||     2
  Use: Potion            |     1 |     1 |       ||     2
 Stab: Invisible         |       |     3 |       ||     3
Armor: Scale mail        |     5 |     3 |       ||     8
       Chain mail        |       |    12 |       ||    12
Dodge: Dodged            |     2 |    14 |     2 ||    18
Block: Buckler           |     2 |     7 |       ||     9

Table legend: (Time is in decaauts)
 A = Elapsed time spent in this place.
 B = Non-inter-level travel time spent in this place.
 C = Inter-level travel time spent in this place.
 D = Time resting spent in this place.
 E = Time spent auto-exploring this place.
 F = Levels seen in this place.
 G = Mean time per level.
                   A        B        C        D        E       F      G
               +--------+--------+--------+--------+--------+-----+--------+
         Total |    546 |    546 |      0 |    327 |      0 |   1 |  546.0 |
       Dungeon |    546 |    546 |      0 |    327 |      0 |   1 |  546.0 |
               +--------+--------+--------+--------+--------+-----+--------+

Top non-repeatable levels by time:
       D: 546 daAuts
